 Dungeon Crawl Stone Soup version 0.16.2-3-ga078185 (webtiles) character file.

125 gorblad the Ducker (level 4, -2/22 HPs)
             Began as a Felid Monk on Sept 7, 2015.
             Slain by a gnoll
             ... wielding a +0 spear
              (8 damage)
             ... on level 3 of the Dungeon.
             The game lasted 00:05:49 (2891 turns).

gorblad the Ducker (Felid Monk)                     Turns: 2891, Time: 00:05:49

Health: -2/22      AC:  1    Str:  8    XL:     4   Next: 82%
Magic:  7/7        EV: 23    Int: 11    God:
Gold:   162        SH:  0    Dex: 19    Spells: 0 memorised, 3 levels left
                                        Lives:  0   Deaths: 1

rFire  . . .     SeeInvis +       - Unarmed
rCold  . . .     Clarity  .     (armour unavailable)
rNeg   . . .     SustAb   .     (shield unavailable)
rPois  .         Gourm    .     (helmet unavailable)
rElec  .         Spirit   .     (cloak unavailable)
rCorr  .         Warding  .     (gloves unavailable)
rMut   .         Stasis   .     (boots unavailable)
MR     .....                    (no amulet)
Stlth  +++++.....               (no ring)
                                c - ring of stealth

@: quick, not resistant to hostile enchantments, quite stealthy
A: paw claws, no armour, no weapons or thrown items, fangs 3, see invisible,
carnivore 3, speed 1, shaggy fur 1, slow metabolism 1, sharp paws
a: no special abilities


You were on level 3 of the Dungeon.
You were not hungry.

You visited 1 branch of the dungeon, and saw 3 of its levels.

You collected 162 gold pieces.

Inventory:

Jewellery
 c - a ring of stealth (left paw)
Magical devices
 p - a wand of polymorph (8)
Scrolls
 a - 4 scrolls of identify {unknown}
 e - a scroll of enchant armour {unknown}
 k - 4 scrolls of remove curse {unknown}
 l - a scroll of fog {unknown}
 o - a scroll of amnesia {unknown}
Potions
 d - 3 potions of magic {unknown}
 f - a potion of mutation {unknown}
 i - a potion of cancellation {unknown}
 j - a potion of haste {unknown}
 m - a potion of cure mutation {unknown}
 n - a potion of curing {unknown}
Comestibles
 b - 2 meat rations
 g - a royal jelly
 h - a slice of pizza


   Skills:
 + Level 3.7 Fighting
 + Level 6.4 Dodging
 + Level 4.3 Stealth
 + Level 4.9 Unarmed Combat


You had 3 spell levels left.
You didn't know any spells.

Dungeon Overview and Level Annotations

Branches:
Dungeon (3/15)

Altars:
Ashenzari
Makhleb
Nemelex Xobeh
Ru


Innate Abilities, Weirdness & Mutations

You cannot wear armour.
You are incapable of wielding weapons or throwing items.
You have razor-sharp teeth.
You have supernaturally acute eyesight.
You are carnivorous and can eat meat at any time.
You cover ground quickly.
You are covered in fur (AC +1).
You have a slow metabolism.
Your paws have sharp claws that are effective at stabbing.


Message History

The gnoll misses you. x2
You scratch the gnoll but do no damage.
The gnoll is moderately wounded.
The gnoll closely misses you. x2
You closely miss the gnoll.
The gnoll is moderately wounded.
The gnoll closely misses you. The gnoll completely misses you.
The gnoll barely misses you.
You closely miss the gnoll.
The gnoll is moderately wounded.
The gnoll completely misses you. The gnoll misses you.
The gnoll closely misses you.
You completely miss the gnoll. Your bite misses the gnoll.
The gnoll is moderately wounded.
The gnoll misses you. The gnoll completely misses you.
You closely miss the gnoll.
The gnoll is moderately wounded.
The gnoll is no longer bleeding.
The gnoll misses you.
The gnoll hits you from afar with a spear!
You die...

### ##+# ..# ##...# #.# ##
#.....# ### #.# #.
.......## ##.###.# #.
........g####...##.#######.
........gg@..>.............
........J####...##.#######.
.......## ##.##...# #.
#.....# ###.###.# #. ##...#
#.. .# ## ##+# #. # #. #
###


You could see an ooze and 3 gnolls.

Vanquished Creatures
  2 orc priests (D:3)
  Natasha (D:3)
  Terence (D:3)
  6 adders
  3 worms
  3 giant geckos
  3 oozes
  4 orcs (D:3)
  3 giant cockroaches
  5 goblins
  6 hobgoblins
  6 jackals
  5 kobolds
  A ball python (D:3)
  8 bats
  2 giant newts (D:3)
  7 rats
66 creatures vanquished.

Notes
Turn   | Place    | Note
--------------------------------------------------------------
     0 | D:1      | gorblad, the Felid Monk, began the quest for the Orb.
     0 | D:1      | Reached XP level 1. HP: 10/10 MP: 2/2
   333 | D:1      | Reached XP level 2. HP: 14/14 MP: 3/3
   733 | D:1      | Reached XP level 3. HP: 17/17 MP: 5/5
   905 | D:2      | Reached skill level 5 in Dodging
  1269 | D:2      | Found a shattered altar of Ashenzari.
  1435 | D:2      | Reached XP level 4. HP: 16/21 MP: 7/7
  1736 | D:2      | Found a burning altar of Makhleb.
  1737 | D:2      | Found a sparkling altar of Nemelex Xobeh.
  2287 | D:3      | Noticed Terence
  2290 | D:3      | Found a sacrificial altar of Ru.
  2303 | D:3      | Killed Terence
  2350 | D:3      | Reached XP level 5. HP: 20/24 MP: 8/8
  2361 | D:3      | Reached skill level 6 in Dodging
  2486 | D:3      | Noticed Natasha
  2500 | D:3      | Killed Natasha
  2796 | D:3      | Killed from afar by an orc wizard
  2797 | D:3      | Reached XP level 4. HP: -1/22 MP: 7/7
  2891 | D:3      | Slain by a gnoll

Action                   |  1- 3 |  4- 6 || total
-------------------------+-------+-------++-------
Melee: Unarmed           |   123 |   112 ||   235
 Stab: Sleeping          |     6 |     5 ||    11
  Eat: Chunk             |     5 |       ||     5
